 Dungeon Crawl Stone Soup version 0.30-a0-760-g5a9884bb7c (webtiles) character file.

Game seed: 16569496396444025855

1107 dolemite99 the Thaumaturge (level 8, -5/50 HPs)
             Began as a Djinni Conjurer on Feb 12, 2023.
             Was an Initiate of Hepliaklqana.
             Slain by a wight
             ... wielding a +3 halberd of freezing
              (9 damage)
             ... on level 5 of the Dungeon.
             The game lasted 00:11:36 (4031 turns).

dolemite99 the Thaumaturge (Djinni Conjurer)        Turns: 4031, Time: 00:11:37

Health: -5/50      AC:  6    Str:  6    XL:     8   Next: 59%
Gold:   191        EV: 12    Int: 21    God:    Hepliaklqana [......] SH:  0 Dex: 13

rFire   + + +      SeeInvis .    (no weapon)
rCold   x . .      Faith    .    (no shield)
rNeg    . . .      Spirit   .    a - +1 robe
rPois   ∞          Reflect  .    m - +2 helmet of the Baker {Drain rF++}
rElec   .          Harm     .    (no cloak)
rCorr   .          Rampage  .    (no gloves)
Will    .....                    (boots unavailable)
Stlth   ++                       (no amulet)
HPRegen 0.28/turn                (no ring)
MPRegen 0.00/turn                (no ring)

@: about to teleport, flying, studying Shields
A: sickness immunity, fire resistance 2, cold vulnerability 1, float, innate
caster, HP casting, extra vitality 1
a: Renounce Religion


You were on level 5 of the Dungeon.
You worshipped Hepliaklqana.
Hepliaklqana was noncommittal.
You visited 1 branch of the dungeon, and saw 5 of its levels.

You collected 191 gold pieces.

Inventory:

Hand Weapons
 e - a +0 falchion of holy wrath
Missiles
 d - 5 boomerangs (quivered)
 s - 2 poisoned darts
Armour
 a - a +1 robe (worn)
 m - the +2 helmet of the Baker (worn) {Drain rF++}
   (You acquired it on level 2 of the Dungeon)

   rF:        It greatly protects you from fire.
   Drain:     It drains your maximum health when unequipped.
Magical Staves
 l - a staff of earth
Jewellery
 k - a +5 ring of evasion
Wands
 t - a wand of polymorph (7)
Scrolls
 c - a scroll of fog
 g - 2 scrolls of teleportation
 o - a scroll of immolation
 w - a scroll of enchant weapon
 y - a scroll of magic mapping
Potions
 b - a potion of magic
 h - a potion of cancellation {unknown}
 n - a potion of berserk rage {unknown}
 p - a potion of might
 u - a potion of lignification {unknown}
 v - a potion of ambrosia {unknown}


   Skills:
 - Level 2.1 Dodging
 - Level 1.5 Stealth
 + Level 8.1 Spellcasting


You had 4 spell levels left.
You knew the following spells:

 Your Spells              Type           Power      Damage    Failure   Level
a - Magic Dart            Conj           100%       1d8       1%          1
b - Foxfire               Conj/Fire      100%       2x1d9     1%          1
c - Fulminant Prism       Conj/Hex       21%        3d12      2%          4
d - Searing Ray           Conj           84%        2d7       1%          2
e - Iskenderun's Mystic   Conj/Tloc      42%        2d10      2%          4
f - Momentum Strike       Conj/Tloc      84%        3d10      1%          2
g - Dazzling Flash        Conj/Hex       84%        N/A       1%          3
h - Blink                 Tloc           84%        N/A       1%          2
Your spell library was empty.

Dungeon Overview and Level Annotations

Branches:
Dungeon (5/15)
 Temple: D:4-7

Altars:
Elyvilon
Hepliaklqana
Uskayaw

Annotations:
D:5 Ijyb


Innate Abilities, Weirdness & Mutations

You are immune to sickness and miasma.
You are immune to poison.
Your flesh is very heat resistant. (rF++)
You are vulnerable to cold. (rC-)
You float through the air rather than walking.
You learn spells naturally, not from books.
Your magical power is your life essence.
You have superior vitality. (+4 MHP)


Message History

A wight comes into view.
It is wielding a +3 halberd of freezing.
Found 3 scrolls labelled SEGUAL WUIFI.
You start to feel less resistant.
You see here 3 scrolls labelled SEGUAL WUIFI.
Casting: Momentum Strike (safe; 1% risk of failure)
Confirm with . or Enter, or press ? or * to list all spells.
Aiming: Searing Ray (safe; 1% risk of failure)
Press: ? - help, Shift-Dir - straight line, p - wight The searing ray hits the wight but does no damage. (Press . to maintain the ray.)
* * * LOW HITPOINT WARNING * * *
The searing ray hits the wight.
The wight is moderately damaged.
The searing ray hits the wight but does no damage.
The wight is heavily damaged.
* * * LOW HITPOINT WARNING * * *
The searing ray hits the wight!
The wight is almost destroyed.
The searing ray hits the wight.
The wight is severely damaged.
* * * LOW HITPOINT WARNING * * *
The wight hits you but does no damage.
The searing ray misses the wight.
The searing ray hits the wight!
You destroy the wight!
The searing ray hits the wight!
The wight is heavily damaged.
* * * LOW HITPOINT WARNING * * *
You finish channelling your searing ray.
Your resistance to elements expires.
Your Spellcasting skill increases to level 8!
Casting: Searing Ray (safe; 1% risk of failure)
Confirm with . or Enter, or press ? or * to list all spells.
You erupt in a blast of force!
The mystic blast hits the wight!
You destroy the wight!
* * * LOW HITPOINT WARNING * * *
Okay, then.
As you read the scroll of teleportation, it crumbles to dust.
You feel strangely unstable.
The wight hits you from afar with a +3 halberd of freezing!
You die...

.# .# .# .# #..
#####.#### #....
#........# #..).
#........# #...s #
#..)@....# .... .#
#..?.....#
##.#####.#
##..z#####
.........#.....#.#
z..z§.††...#####.#
........#### #.#
........# #.#
.........#######.###
###.####.z.z.z.....#


You could see a wight.

Vanquished Creatures
  Grinder (D:3)
  Eustachio (D:5)
  A phantom (D:4)
  3 scorpions
  3 wights (D:5)
  A hound (D:4)
  2 orc priests
  Jessica (D:2)
  An iguana (D:4)
  Natasha (thrice) (D:2)
  3 gnolls (D:5)
  5 adders
  An ufetubus (D:5)
  2 worms
  4 dart slugs
  7 orcs
  5 ball pythons
  2 bats
  6 endoplasms
  2 giant cockroaches
  2 goblins
  3 hobgoblins
  4 jackals (D:4)
  5 kobolds
  3 quokkas
  A frilled lizard (D:3)
  A rat (D:3)
  A fulminant prism (D:5)
74 creatures vanquished.

Vanquished Creatures (others)
  A quokka (D:3)
  29 foxfires
  10 fulminant prisms
40 creatures vanquished.

Grand Total: 114 creatures vanquished

Notes
Turn   | Place    | Note
-------+----------+-------------------------------------------
     0 | D:1      | dolemite99 the Djinni Conjurer began the quest for the Orb.
     0 | D:1      | dolemite99 set off with the following spells memorised:
                  | Magic Dart, Searing Ray, Dazzling Flash, Fulminant Prism,
                  | Iskenderun's Mystic Blast.
     0 | D:1      | Reached XP level 1. HP: 15/15 MP: 0/0
    75 | D:1      | Reached XP level 2. HP: 18/21 MP: 0/0
   390 | D:1      | Reached XP level 3. HP: 24/25 MP: 0/0
   390 | D:1      | Learned a level 1 spell: Foxfire
   626 | D:2      | Reached skill level 4 in Spellcasting
   749 | D:2      | Identified 2 scrolls of acquirement
   749 | D:2      | Acquired the +2 helmet of the Baker {Drain rF++}
   806 | D:2      | Acquired a manual of Shields
   808 | D:2      | Noticed Jessica
   813 | D:2      | Killed Jessica
   814 | D:2      | Reached XP level 4. HP: 27/31 MP: 0/0
   909 | D:2      | Identified the +0 pair of boots of Lugonu's Wrath {MP-9
                  | Dex+5}
   928 | D:2      | Noticed Natasha
   933 | D:2      | Killed Natasha
   997 | D:2      | Noticed Natasha
  1005 | D:2      | Killed Natasha
  1006 | D:2      | Reached XP level 5. HP: 23/35 MP: 0/0
  1006 | D:2      | Learned a level 2 spell: Momentum Strike
  1083 | D:2      | Noticed Natasha
  1114 | D:2      | Killed Natasha
  1115 | D:2      | Reached skill level 5 in Spellcasting
  1216 | D:3      | Noticed Grinder
  1229 | D:3      | Paralysed by Grinder for 2 turns
  1232 | D:3      | Killed Grinder
  1233 | D:3      | Reached XP level 6. HP: 11/40 MP: 0/0
  1574 | D:3      | Reached skill level 6 in Spellcasting
  1576 | D:3      | Reached XP level 7. HP: 38/45 MP: 0/0
  1576 | D:3      | Learned a level 2 spell: Blink
  1974 | D:3      | Found a hide-covered altar of Uskayaw.
  2131 | D:3      | Found a white marble altar of Elyvilon.
  2175 | D:3      | Became a worshipper of Elyvilon the Healer
  3466 | D:4      | Found a hazy altar of Hepliaklqana.
  3482 | D:4      | Fell from the grace of Elyvilon
  3482 | D:4      | Became a worshipper of Hepliaklqana the Forgotten
  3876 | D:5      | Entered Level 5 of the Dungeon
  3876 | D:5      | Noticed Ijyb
  3880 | D:5      | Reached skill level 7 in Spellcasting
  3925 | D:5      | Reached XP level 8. HP: 25/50 MP: 0/0
  3972 | D:5      | Noticed Eustachio
  3987 | D:5      | Killed Eustachio
  4030 | D:5      | Reached skill level 8 in Spellcasting
  4031 | D:5      | Slain by a wight

Illustrated notes

Levels and vault maps discovered:
D:1:      lightli_arrival_statuegarden, layout_rooms, dreamdust_princess_bridge,
          interstate_on_off, minivault_27
D:2:      layout_rooms, uniq_jessica, uniq_natasha
D:3:      layout_basic, elyvilon_altar_4, nicolae_uskayaw_dance_hall,
          uniq_grinder
D:4:      layout_cave_pods, mainiacjoe_overflow_six_doors_small,
          hangedman_decor_opposing, kennysheep_another_room
D:5:      layout_rooms, lemuel_doored_altar, uniq_eustachio, uniq_ijyb

Skill      XL: |  1  2  3  4  5  6  7  8 |
---------------+-------------------------+-----
Spellcasting   | 4 5 6 7 8 |  8.1
Dodging        | |  2.1
Stealth        | |  1.5

Action                     |  1- 3 |  4- 6 |  7- 9 || total
---------------------------+-------+-------+-------++-------
  Melee: Unarmed           |       |       |     1 ||     1
  Throw: Boomerang         |       |       |     3 ||     3
   Cast: Magic Dart        |    45 |    18 |    49 ||   112
         Searing Ray       |     1 |     6 |     6 ||    13
         Foxfire           |       |       |    16 ||    16
         Fulminant Prism   |       |       |    11 ||    11
         Blink             |       |       |     2 ||     2
         Dazzling Flash    |       |       |     1 ||     1
         Iskenderun's Myst |       |       |     4 ||     4
         Momentum Strike   |       |       |     2 ||     2
  Evoke: Wand              |       |       |    11 ||    11
    Use: Scroll            |     4 |     1 |    12 ||    17
         Potion            |       |       |     4 ||     4
 Armour: Robe              |       |     1 |    13 ||    14
  Dodge: Dodged            |     9 |     5 |    24 ||    38

Table legend: (Time is in decaauts)
 A = Elapsed time spent in this place.
 B = Non-inter-level travel time spent in this place.
 C = Inter-level travel time spent in this place.
 D = Time resting spent in this place.
 E = Time spent auto-exploring this place.
 F = Levels seen in this place.
 G = Mean time per level.
                   A        B        C        D        E       F      G
               +--------+--------+--------+--------+--------+-----+--------+
         Total |   4049 |   3954 |     95 |   1544 |   1704 |   5 |  809.8 |
       Dungeon |   4049 |   3954 |     95 |   1544 |   1704 |   5 |  809.8 |
               +--------+--------+--------+--------+--------+-----+--------+

Top non-repeatable levels by time:
     D:4: 1446 daAuts
     D:3: 1233 daAuts
     D:1: 621 daAuts
     D:2: 593 daAuts
     D:5: 155 daAuts
